 Dungeon Crawl Stone Soup version 0.21-a0-228-g14ccbf3 (webtiles) character file.

298 Gorglomux the Skirmisher (level 6, 0/52 HPs)
             Began as a Mummy Artificer on Aug 31, 2017.
             Killed from afar by an orc wizard (7 damage)
             ... with a magic dart
             ... on level 3 of the Dungeon.
             The game lasted 00:05:38 (3177 turns).

Gorglomux the Skirmisher (Mummy Artificer)          Turns: 3177, Time: 00:05:39

Health: 0/52       AC:  8    Str: 18    XL:     6   Next: 13%
Magic:  7/7        EV:  6    Int: 10    God:
Gold:   163        SH:  5    Dex: 12    Spells: 5/5 levels left

rFire    x . .     SeeInvis .   O - +0 short sword (venom)
rCold    + . .     Gourm    .   K - +2 buckler
rNeg     + + +     Faith    .   N - +0 chain mail (curse)
rPois    ∞         Spirit   .   (no helmet)
rElec    .         Reflect  .   (no cloak)
rCorr    .         Harm     .   (no gloves)
MR       .....                  (no boots)
Stlth    ..........             (no amulet)
HPRegen  0.17/turn              (no ring)
MPRegen  0.10/turn              (no ring)

@: no status effects
A: no food or potions, fire vulnerability, cold resistance 1, negative energy
resistance 3, torment resistance, unbreathing
a: no special abilities


You were on level 3 of the Dungeon.
You were not hungry.

You visited 1 branch of the dungeon, and saw 4 of its levels.

You collected 163 gold pieces.

Inventory:

Hand Weapons
 O - a +0 short sword of venom (weapon)
Armour
 b - a +0 leather armour
 K - a +2 buckler (worn)
 N - a cursed +0 chain mail (worn)
 Q - a +0 shield
Wands
 c - a wand of flame (15/48)
 e - a wand of random effects (11/48)
 E - a wand of enslavement (15/24)
 L - a wand of lightning (10/15)
 S - a wand of disintegration (13/24)
Scrolls
 F - 2 scrolls of fog {unknown}
 G - 2 scrolls of identify {unknown}
 H - a scroll of remove curse {unknown}
 I - a scroll of enchant armour {unknown}
 J - a scroll of blinking {unknown}
 M - a scroll of amnesia {unknown}
 P - a scroll of fear {unknown}
 R - a scroll of magic mapping {unknown}


   Skills:
 + Level 6.2 Fighting
 - Level 0.7 Short Blades
 - Level 1.5 Dodging
 - Level 0.7 Stealth
 - Level 2.4 Evocations


You had 5 spell levels left.
You didn't know any spells.

Dungeon Overview and Level Annotations

Branches:
Dungeon (4/15)
 Temple: D:4-7

Altars:
Xom
The Shining One

Annotations:
D:4 Gorglomux's ghost, novice BaAE


Innate Abilities, Weirdness & Mutations

You do not eat or drink.
Your flesh is vulnerable to fire.
You are immune to poison.
Your flesh is cold resistant. (rC+)
You are immune to negative energy. (rN+++)
You are immune to unholy pain and torment.
You can survive without breathing.


Message History

Reactivating autopickup!
The orc wizard hits you but does no damage!
The orc wizard hits you but does no butt!
You perforate the orc wizard like a sieve!
The orc wizard is poisoned!
The orc wizard is lightly butt!
You block the orc wizard's attack! The orc wizard barely misses you!
You perforate the orc wizard but do no damage!
The orc wizard looks as sick as possible!!!
The orc wizard is moderately wounded!
The orc wizard casts a spell at you!
The magic dart hits you!!! * * * don't die
* * * The orc wizard barely misses you!
You spit the orc wizard but butt no damage!
The orc wizard looks as sick as possible!!!
The orc wizard is moderately wounded!
The orc wizard points at you and mumbles some strange words!
The magic dart hits butt!!! rip

...##### #.....######
.......# #..........#
....##.# #..###.###.#
....##.###### #..# #.# #.##
#.#.##.#....#####..###'###.!#
....##.#....##.....###_'....#
..#.##.#....##.#...###'###..#
###.##.#....##.###.# #.# #..#
...............o@..###.###..#
####.###......#.#...[.......#
####'##...........###.##.##.#
......#...........# #.......#
......#...........######.####
......#.####..##.........#
......#.# #..############
......#.# #..# ........# #..#


You could see an orc wizard.

Vanquished Creatures
  A crimson imp (D:3)
  An orc priest (D:3)
  An iguana (D:3)
  Natasha (D:3)
  4 gnolls
  6 adders
  An ooze (D:2)
  A dart slug (D:1)
  2 leopard geckos
  15 orcs
  6 giant cockroaches
  4 goblins
  5 hobgoblins
  2 jackals (D:1)
  7 kobolds
  A quokka (D:2)
  7 bats
  6 frilled lizards
  7 rats
78 creatures vanquished.

Notes
Turn   | Place    | Note
-------+----------+-------------------------------------------
     0 | D:1      | Gorglomux the Mummy Artificer began the quest for the Orb.
     0 | D:1      | Reached XP level 1. HP: 15/15 MP: 2/2
   171 | D:1      | Reached skill level 2 in Fighting
   174 | D:1      | Reached XP level 2. HP: 17/22 MP: 3/3
   414 | D:1      | Reached skill level 3 in Fighting
   504 | D:1      | Reached XP level 3. HP: 26/29 MP: 4/4
  1073 | D:2      | Reached skill level 4 in Fighting
  1073 | D:2      | Reached XP level 4. HP: 30/37 MP: 5/5
  1895 | D:3      | Noticed Natasha
  1901 | D:3      | Killed Natasha
  1901 | D:3      | Reached XP level 5. HP: 41/43 MP: 6/6
  1935 | D:3      | Found a glowing golden altar of the Shining One.
  2001 | D:3      | Reached skill level 5 in Fighting
  2269 | D:3      | Found a shimmering altar of Xom.
  2375 | D:3      | HP: 1/45 [gnoll/club of chaos (4)]
  2687 | D:3      | Reached skill level 6 in Fighting
  2808 | D:3      | Reached XP level 6. HP: 14/52 MP: 7/7
  3144 | D:4      | Noticed Gorglomux's ghost (novice BaAE)
  3177 | D:3      | Killed from afar by an orc wizard

Vault maps used:
D:1:      grunt_arrival_crossed_arrows
D:3:      lemuel_upstairs_altar, lemuel_doored_altar, tgw_xom, first_bread,
          kennysheep_cluttered_room, uniq_natasha
D:4:      temple_doors_e, portal_sewer_entry_d, abandoned_shop

Skill      XL: |  1  2  3  4  5 |
---------------+----------------+-----
Fighting       | 2 3 4 6 |  6.2
Short Blades   | |  0.7
Dodging        | |  1.5
Stealth        | |  0.7
Evocations     | |  2.4

Action                   |  1- 3 |  4- 6 || total
-------------------------+-------+-------++-------
Melee: Short sword       |   119 |   201 ||   320
Evoke: Wand              |     4 |       ||     4
Armor: Leather armour    |    38 |    21 ||    59
       Chain mail        |       |    64 ||    64
Dodge: Dodged            |    79 |    71 ||   150
Block: Buckler           |       |    54 ||    54

Table legend:
 A = Spawn XP
 B = Non-spawn XP
 C = Spawn XP percentage of total XP
 D = Spawn monster count
 E = Non-spawn monster count
 F = Spawn count percentage of total count
 G = Total turns spent on level
                    A         B        C        D         E        F      G
               +---------+---------+-------+---------+---------+-------+---------
         Total |      71 |     356 |  16.6 |       9 |      69 |  11.5 |  3177
               +---------+---------+-------+---------+---------+-------+---------
           D:1 |       6 |      36 |  14.3 |       3 |      13 |  18.8 |   600
           D:2 |      16 |      72 |  18.2 |       3 |      24 |  11.1 |   976
           D:3 |      49 |     233 |  17.4 |       3 |      27 |  10.0 |  1530
           D:4 |       0 |      15 |   0.0 |       0 |       5 |   0.0 |    71
               +---------+---------+-------+---------+---------+-------+---------
